 Dungeon Crawl Stone Soup version 0.31-a0-1626-g5cb510d322 (webtiles) character file.

Game seed: 5082882323491929887

2199 Malachi the Ruffian (level 9, -2/89 HPs)
             Began as a Troll Shapeshifter on Jan 12, 2024.
             Slain by a killer bee (5 damage)
             ... on level 6 of the Dungeon.
             The game lasted 00:07:48 (5695 turns).

Malachi the Ruffian (Troll Shapeshifter)            Turns: 5695, Time: 00:07:49

Health: -2/89      AC:  8    Str: 28    XL:     9   Next: 12%
Magic:  8/8        EV:  9    Int:  6    God:
Gold:   337        SH:  0    Dex:  9    Spells: 8/8 levels left

rFire   . .          .
                       - Unarmed
rCold   . . .        (no shield)
rNeg    + . .        a - +0 animal skin
rPois   .            (helmet currently unavailable)
rElec   .            (cloak currently unavailable)
rCorr   .            (gloves unavailable)
SInv    .            (boots unavailable)
Will    .....        (no amulet)
Stlth   +            h - +4 ring of protection
HPRegen 1.14/turn    f - ring of positive energy
MPRegen 0.11/turn

%: no passive effects
@: mighty, lethally poisoned (-2 -> -20), beast-form
A: beast (slay +4), large, unfitting armour, claws 3, regeneration 1, shaggy fur
1, tough skin 1
a: Begin Untransformation


You were on level 6 of the Dungeon.
You were a hulking beast.
You visited 1 branch of the dungeon, and saw 7 of its levels.

You collected 359 gold pieces.
You spent 22 gold pieces at shops.

Inventory:

Missiles
 z - 2 throwing nets (quivered)
Armour
 a - a +0 animal skin (worn)
 s - a +1 cloak
Jewellery
 f - a ring of positive energy (right claw)
 h - a +4 ring of protection (left claw)
Talismans
 c - a beast talisman
 d - a flux talisman
Wands
 r - a wand of flame (21)
 y - a wand of charming (8)
 A - a wand of mindburst (10)
Scrolls
 b - a scroll of amnesia
 g - a scroll of fog
 n - 2 scrolls of teleportation
 o - a scroll of silence
Potions
 e - a potion of magic
 k - a potion of might
 m - 3 potions of ambrosia
 t - 2 potions of resistance {unknown}
 u - a potion of degeneration {unknown}
 w - a potion of haste {unknown}
 x - a potion of enlightenment {unknown}
 B - a potion of attraction {unknown}


   Skills:
 + Level 5.9 Fighting
 - Level 1.5 Dodging
 + Level 7.6 Unarmed Combat
 - Level 7.0 Shapeshifting


You had 8 spell levels left.
You didn't know any spells.
Your spell library contained the following spells:

 Spells                   Type           Power      Damage    Failure   Level
 Scorch                   Fire           0%         2d5       58%         2
 Flame Wave               Conj/Fire      0%         2d4       99%         4
 Summon Cactus Giant      Summ           0%         N/A       100%        6


Dungeon Overview and Level Annotations

Branches:
Dungeon (7/15)
 Temple: D:4-7

Altars:
Qazlal
Vehumet
Yredelemnul

Shops:
D:4 (   D:5 *


Innate Abilities, Weirdness & Mutations

You are a hulking beast.
Your limbs bulge with bestial killing power. (Slay +4)
You are too large for most types of armour.
You have claws for hands.
Your natural rate of healing is unusually fast.
You are covered in fur. (AC +1)
You have tough skin. (AC +1)


Message History

The killer bee is severely wounded.
You feel very sick. The killer bee stings you.
* * * LOW HITPOINT WARNING * * *
You are more poisoned.
The killer bee poisons you! The killer bee stings you!
* * * LOW HITPOINT WARNING * * *
You are lethally poisoned!
The killer bee poisons you! The killer bee stings you.
* * * LOW HITPOINT WARNING * * *
You are more poisoned.
The killer bee poisons you!
You feel much better.
* * * LOW HITPOINT WARNING * * *
You feel extremely sick.
The killer bee stings you but does no damage. x2
The killer bee stings you.
* * * LOW HITPOINT WARNING * * *
You are lethally poisoned!
The killer bee poisons you! The killer bee barely misses you.
You miss the killer bee. Your claw misses the killer bee.
The killer bee is severely wounded.
* * * LOW HITPOINT WARNING * * *
You feel extremely sick. The killer bee stings you.
* * * LOW HITPOINT WARNING * * *
The killer bee stings you but does no damage. x3
* * * LOW HITPOINT WARNING * * *
You feel extremely sick.
The killer bee stings you but does no damage.
The killer bee stings you.
* * * LOW HITPOINT WARNING * * *
You are more poisoned.
The killer bee poisons you!
You completely miss the killer bee.
You feel less invigorated.
You feel less confused.
* * * LOW HITPOINT WARNING * * *
You feel extremely sick. The killer bee stings you.
You die...

..#..............#.............#
..#.........?....#.............#
.###...###..##..###......##....#
.###...###..###'###......##....#
.......#.........#.......##....#
.......#.........#.............#
.......#.......>.#.............#
.##....##...##†#######'####....#
.##....##...##.yh##.##...##....#
..#....##...##.y...............#
..#....#.......................#
..'....#..............(...#....#
.########...##...##.##....######
.##....##...#######.##...##
###....##...##............#
.............+............#
..........................#


You could see 2 killer bees.

Vanquished Creatures
  Pikel (D:4)
  A sky beast (D:6)
  A black bear (D:6)
  2 ogres (D:5)
  A lemure (D:4)
  2 centaurs
  A phantom (D:5)
  A kobold brigand (D:6)
  A gnoll sergeant (D:5)
  2 scorpions (D:6)
  4 killer bees (D:6)
  A jelly (D:5)
  2 orc priests (D:3)
  4 hounds
  Crazy Yiuf (D:2)
  Jessica (D:2)
  2 iguanas
  Ijyb (D:4)
  4 orc wizards (D:6)
  A hound zombie (D:3)
  13 gnolls
  2 adders
  A shadow imp (D:6)
  A white imp (D:5)
  An adder zombie (D:3)
  2 ribbon worms (D:3)
  A dart slug (D:1)
  17 orcs
  5 ball pythons
  4 bats
  5 endoplasms
  5 giant cockroaches
  5 goblins
  6 hobgoblins
  3 quokkas
  5 frilled lizards
  13 kobolds
  23 rats
146 creatures vanquished.

Notes
Turn   | Place    | Note
-------+----------+-------------------------------------------
     0 | D:1      | Malachi the Troll Shapeshifter began the quest for the Orb.
     0 | D:1      | Reached XP level 1. HP: 18/18 MP: 0/0
   250 | D:1      | Reached skill level 1 in Fighting
   300 | D:1      | Reached XP level 2. HP: 27/27 MP: 1/1
   674 | D:2      | Noticed Jessica
   678 | D:2      | Killed Jessica
   679 | D:2      | Reached XP level 3. HP: 18/33 MP: 2/2
  1056 | D:2      | Found a runed translucent door.
  1057 | D:2      | Noticed Crazy Yiuf
  1413 | D:2      | Killed Crazy Yiuf
  1414 | D:2      | Reached XP level 4. HP: 38/42 MP: 3/3
  1539 | D:3      | Reached XP level 5. HP: 46/50 MP: 4/4
  2131 | D:3      | Found a basalt altar of Yredelemnul.
  2356 | D:4      | Found a stormy altar of Qazlal.
  2444 | D:4      | Noticed Ijyb
  2467 | D:4      | Killed Ijyb
  2468 | D:4      | Reached XP level 6. HP: 52/59 MP: 5/5
  2485 | D:4      | Found Disopp's Weapon Emporium.
  2861 | D:4      | Noticed Pikel
  2878 | D:4      | Killed Pikel
  2879 | D:4      | Reached skill level 5 in Unarmed Combat
  2879 | D:4      | Reached skill level 5 in Shapeshifting
  2879 | D:4      | Reached XP level 7. HP: 10/68 MP: 6/6
  3329 | D:5      | Entered Level 5 of the Dungeon
  3694 | D:5      | Reached XP level 8. HP: 30/79 MP: 7/7
  3953 | D:5      | Found Rimuck's Assorted Antiques.
  3957 | D:5      | Bought a scroll labelled URAFRA UPNE for 22 gold pieces
  4505 | D:6      | Reached skill level 5 in Fighting
  5169 | D:6      | Reached XP level 9. HP: 55/89 MP: 8/8
  5374 | D:6      | Found a radiant altar of Vehumet.
  5695 | D:6      | HP: 3/89 [poisoned by a killer bee]
  5695 | D:6      | Slain by a killer bee

Illustrated notes

Levels and vault maps discovered:
D:1:      ebering_trefoil_3fold, layout_loops_cross, hangedman_decor_slide_cut
D:2:      layout_basic, lexackson_kobold_supper, uniq_crazy_yiuf_cottage,
          uniq_jessica
D:3:      minmay_inner_zag, layout_rooms, lemuel_zombie_altar_yredelemnul,
          serial_aquarium, aquarium_bridge_island_small
          [aquarium_subvault_small_water, aquarium_subvault_wall,
          aquarium_subvault_bridge, aquarium_subvault_bridge,
          aquarium_subvault_window], aquarium_window_1,
          aquarium_window_corridor_3, aquarium_view_2e, aquarium_balcony_3a
D:4:      layout_gridville, mainiacjoe_overflow_tiny_flanked, serial_shops,
          shop, amcnicky_mini_corridor_feature, minmay_rat_hole, uniq_ijyb,
          uniq_pikel
D:5:      layout_basic, serial_shops, nicolae_shop_back_alley_shop,
          minmay_tree_intersection, chequers_serial_rivers_micro_b
D:6:      layout_gridville, kennysheep_mini_moat
D:7:      layout_gridville, minmay_temple_entry_glass, serial_shops,
          nicolae_shop_trees, kennysheep_donut

Skill      XL: |  1  2  3  4  5  6  7  8  9 |
---------------+----------------------------+-----
Fighting       | 1 2 3 4 5 |  5.9
Unarmed Combat | 4 5 6 7 |  7.6
Shapeshifting  | 4 5 6 7 |  7.0
Dodging        | |  1.5

Action                     |  1- 3 |  4- 6 |  7- 9 || total
---------------------------+-------+-------+-------++-------
  Melee: Unarmed           |    55 |   134 |   155 ||   344
         Punch             |     1 |     5 |     6 ||    12
    Use: Potion            |       |     2 |     6 ||     8
         Scroll            |       |       |     9 ||     9
   Stab: Sleeping          |       |     1 |       ||     1
 Armour: Animal skin       |    27 |    92 |   213 ||   332
         Skin              |       |     6 |       ||     6
  Dodge: Dodged            |    15 |    56 |   113 ||   184

Table legend: (Time is in decaauts)
 A = Elapsed time spent in this place.
 B = Non-inter-level travel time spent in this place.
 C = Inter-level travel time spent in this place.
 D = Time resting spent in this place.
 E = Time spent auto-exploring this place.
 F = Levels seen in this place.
 G = Mean time per level.
                   A        B        C        D        E       F      G
               +--------+--------+--------+--------+--------+-----+--------+
         Total |   5660 |   5432 |    228 |    930 |   3682 |   7 |  808.6 |
       Dungeon |   5660 |   5432 |    228 |    930 |   3682 |   7 |  808.6 |
               +--------+--------+--------+--------+--------+-----+--------+

Top non-repeatable levels by time:
     D:6: 1209 daAuts
     D:4: 1109 daAuts
     D:5: 1086 daAuts
     D:2: 862 daAuts
     D:3: 754 daAuts
     D:1: 587 daAuts
     D:7: 51 daAuts
